Unix NetHack Version 3.7.0-102 Work-in-progress - last build Apr 6 2024 13:22:21 (d302a6a9ff6341f1a922d8f5af178406b35fdf99,branch:master). Game began 2024-04-28 20:09:40, ended 2024-04-29 21:21:08. spontiff, neutral male gnomish Healer --------- ------ ------ |...)...| |.)>.| |.....# ####################........| |.d..| #.....|## |.......| |.k..| #|....| # |.......-# |.@.{| ##------ # -------|-## #-....| # # ^ # # #|....| # ## ----------|- ###### # #--|--- # ##.........<.| # #### # -------- *################ #|..........| ### # # |......-### * # #...........-## ### # # |....... ###------------ # -.----- # # |......-#####----.-------# ## ###|.....| # # -------- #|..........|# #### #......| # # #-..........|# # |.....| # --.-- |...*......-# # |{....| # |...| |..........| ##### |.....| # |...| |...........## ------- ####....| ------------ ----- Spontiff the Rhizotomist St:9 Dx:11 Co:16 In:8 Wi:16 Ch:18 Neutral S:484 Dlvl:7 $:2073 HP:0(24) Pw:5(5) AC:-2 Xp:1/0 T:7142 Hungry Burdened Latest messages: You are beginning to feel hungry. You see here a vellum spellbook. You have a little trouble lifting r - a vellum spellbook. You swap places with your large dog. The door opens. You see here an elven mithril-coat. You have a little trouble lifting C - an elven mithril-coat. What do you want to drop? [$a-zA-CE-PRSU-Z or ?*] C You drop an elven mithril-coat. You swap places with your large dog. What do you want to use or apply? [ekloprsI-MSZ or ?*] s In what direction? b You hear nothing special. What do you want to use or apply? [ekloprsI-MSZ or ?*] s In what direction? h You hear a hollow sound. This must be a secret door! You hear the splashing of a naiad. The door resists! The door opens. You hear bubbling water. The kobold lady throws a dagger! A dagger misses you. The large dog falls into a pit! The kobold lady throws 2 daggers! The 1st dagger hits the large dog. The 2nd dagger hits the large dog. The kobold lady picks up an elven mithril-coat. The kobold lady wields a dagger! The kobold lady thrusts her dagger. The kobold lady hits! You stop. Your large dog is in the way! The kobold lady thrusts her dagger. The kobold lady hits! You stop. Your large dog can't move out of that trap. (Perhaps #untrap would help?) The kobold lady thrusts her dagger. The kobold lady hits! The kobold lady thrusts her dagger. The kobold lady hits! You see here a dagger. In what direction? b You try to reach out your arms, but the large dog backs away skeptically. What do you want to use or apply? [ekloprsI-MSZ or ?*] s In what direction? b Status of the large dog (neutral, medium): Level 9 HP 54(72) AC 4, tame, trapped. The kobold lady thrusts her dagger. The kobold lady hits! You die... Do you want your possessions identified? [ynq] (y) y Do you want to see the dungeon overview? [ynq] (y) q Inventory: Coins $ - 2073 gold pieces Weapons W - a cursed -1 dart Armor h - an uncursed +0 dwarvish iron helm (being worn) g - an uncursed +1 pair of leather gloves (being worn) v - an uncursed +0 pair of iron shoes (being worn) q - a blessed +4 dwarvish cloak (being worn) d - an uncursed +0 leather armor (being worn) Comestibles y - an uncursed apple n - 2 uncursed food rations Scrolls i - a cursed scroll of confuse monster j - an uncursed scroll of enchant armor G - 2 uncursed scrolls of identify U - a blessed scroll of magic mapping O - an uncursed scroll of magic mapping a - a blessed scroll of punishment m - a blessed scroll of teleportation f - an uncursed scroll of teleportation Spellbooks p - an uncursed spellbook of healing L - a cursed spellbook of invisibility r - an uncursed spellbook of wizard lock Potions A - an uncursed potion of booze P - an uncursed potion of gain ability z - an uncursed potion of healing H - an uncursed potion of monster detection b - 2 uncursed potions of object detection N - an uncursed potion of oil u - an uncursed potion of paralysis t - an uncursed potion of restore ability w - an uncursed potion of water Rings R - an uncursed ring of sustain ability Wands I - an uncursed wand of locking (0:4) M - an uncursed wand of magic missile (0:5) K - an uncursed wand of secret door detection (0:14) S - an uncursed wand of sleep (0:7) Z - an uncursed wand of sleep (0:3) Tools k - a cursed lock pick s - an uncursed stethoscope J - 3 uncursed tallow candles o - an uncursed tin whistle Gems/Stones E - 2 uncursed topaz stones B - an uncursed worthless piece of black glass x - a cursed worthless piece of black glass Y - an uncursed worthless piece of blue glass V - an uncursed worthless piece of green glass X - an uncursed worthless piece of orange glass F - 4 uncursed worthless pieces of white glass c - an uncursed worthless piece of yellow glass e - an uncursed flint stone l - an uncursed luckstone Spontiff the Healer's attributes: Background: You were a Rhizotomist, a level 1 male gnomish Healer. You were neutral, on a mission for Hermes who was opposed by Athena (lawful) and Poseidon (chaotic). You were right-handed. You were in the Dungeons of Doom, on level 7. You entered the dungeon 7142 turns ago. You had 0 experience points, 20 were needed to attain level 2. Your score was 484 before end-of-game adjustments. Basics: You had 0 out of 24 hit points. You had all 5 energy points (spell power). Your armor class was -2. Your wallet contained 2073 zorkmids. Autopickup was on for '$!/="?' plus thrown, with exceptions. Final Characteristics: Your strength was 9 (limit:18/50). Your dexterity was 11 (limit:18). Your constitution was 16 (limit:18). Your intelligence was 8 (limit:19). Your wisdom was 16 (limit:18). Your charisma was 18 (limit:18). Final Status: You were hungry. You were burdened; movement was slightly slowed. You were empty handed. You were unskilled in bare handed combat. Final Attributes: You were piously aligned. Your items were somewhat protected from fire. Your items were somewhat protected from cold. You were poison resistant. You had infravision. You were warded. You were lucky. You had extra luck. Bad luck did not time out for you. Good luck did not time out for you. You are dead. Miscellaneous: You never encountered a bones level. Total elapsed playing time was 2 hours, 14 minutes and 1 second. Major events: Turn 1: spontiff the neutral male gnomish Healer entered the dungeon 529: entered the Gnomish Mines 1466: reached Mine Town 7142: killed by a kobold lady Vanquished creatures: a rock mole 13 fog clouds 4 shriekers 2 gnome leaders a kitten 6 dwarves 2 hill orcs 2 giant bats 3 dwarf zombies 6 iguanas 4 acid blobs 4 coyotes 6 gas spores 4 hobbits 2 manes 4 large kobolds 20 giant rats a cave spider a brown mold a yellow mold 3 green molds 3 red molds 9 gnomes 2 gnome zombies 14 geckos 27 jackals 2 foxes 3 kobolds 10 goblins 11 grid bugs 4 bats 7 lichens 2 kobold zombies 17 newts 201 creatures vanquished. No species were genocided or became extinct. Voluntary challenges: You never hit with a wielded weapon. You were a pacifist. You read items or engraved 3 times. You never engraved Elbereth. You never genocided any monsters. You never polymorphed an object. You never changed form. You used no wishes. Achievements: You entered the Gnomish Mines. You entered Minetown. The Dungeons of Doom: levels 1 to 7 Level 1: A fountain. Level 2: "Stashlet - !oEH" A fountain. Stairs down to The Gnomish Mines. Level 3: "Stashlet - books" A grave. Level 4: "magic trap" A fountain. Level 5: Some fountains, a grave. Level 6: Level 7: "vault" <- You were here. Some fountains. Final resting place for you, killed by a kobold lady. The Gnomish Mines: levels 3 to 6 Level 3: "magic trap" Level 4: Level 5: Level 6: Game over: ---------- / \ / REST \ / IN \ / PEACE \ / \ | spontiff | | 2073 Au | | killed by a | | kobold lady | | | | | | 2024 | *| * * * | * _________)/\\_//(\/(/\)/\//\/|_)_______ Goodbye spontiff the Healer... You died in The Dungeons of Doom on dungeon level 7 with 466 points, and 2073 pieces of gold, after 7142 moves. You were level 1 with a maximum of 24 hit points when you died.